 Dungeon Crawl Stone Soup version 0.27-a0-1065-ge809cff (webtiles) character file.

Game seed: 5370461544437552262

2536 Illumine the Magician (level 9, -3/65 HPs)
             Began as a Djinni Hedge Wizard on Apr 21, 2021.
             Was a Believer of Makhleb.
             Slain by an orc warrior
             ... wielding a +0 war axe
              (25 damage)
             ... in a bailey on Apr 22, 2021.
             The game lasted 00:16:36 (8953 turns).

Illumine the Magician (Djinni Hedge Wizard)         Turns: 8953, Time: 00:16:37

Health: -3/65      AC:  8    Str:  9    XL:     9   Next: 55%
Gold:   325        EV: 14    Int: 19    God:    Makhleb [**....] SH:  5 Dex: 13

rFire    + + .     SeeInvis .   w - +2 short sword (elec)
rCold    x . .     Faith    .   (no shield)
rNeg     . . .     Spirit   .   z - +1 robe {Archmagi}
rPois    ∞         Reflect  +   y - +0 helmet
rElec    .         Harm     .   (no cloak)
rCorr    .         Rampage  .   (no gloves)
Will     +....                  (boots unavailable)
Stlth    ++........             g - amulet of reflection
HPRegen  0.20/turn              t - +4 ring of protection
MPRegen  0.00/turn              u - ring of willpower

@: wereblooded, flying
A: fire resistance 2, cold vulnerability 1, float, innate caster, hp casting,
extra vitality 1
a: Renounce Religion, Minor Destruction


You were in a bailey.
You worshipped Makhleb.
Makhleb was pleased with you.
You visited 2 branches of the dungeon, and saw 8 of its levels.
You also visited: Sewer and Bailey.

You collected 325 gold pieces.

Inventory:

Hand Weapons
 a - a +0 dagger
 w - a +2 short sword of electrocution (weapon)
Missiles
 f - a curare-tipped dart
 i - 4 boomerangs of dispersal
 n - 78 poisoned darts
 D - 31 boomerangs
Armour
 y - a +0 helmet (worn)
 z - a +1 robe of the Archmagi (worn)
Jewellery
 e - a ring of protection from fire
 g - an amulet of reflection (around neck)
 t - a +4 ring of protection (left hand)
 u - a ring of willpower (right hand)
Wands
 b - a wand of flame (40)
 c - a wand of polymorph (5)
 C - a wand of iceblast (10)
 G - a wand of acid (13)
Scrolls
 h - 2 scrolls of fear
 k - a scroll of holy word
 v - a scroll of teleportation
 A - a scroll of magic mapping
 B - a scroll of amnesia {unknown}
 F - a scroll of acquirement {unknown}
 I - 2 scrolls of fog {unknown}
 J - a scroll of identify
Potions
 d - a potion of might {unknown}
 j - 2 potions of invisibility
 l - 7 potions of curing
 m - 2 potions of heal wounds {unknown}
 o - 2 potions of brilliance {unknown}
 p - 3 potions of lignification
 q - 5 potions of cancellation
 r - 2 potions of magic {unknown}
 s - a potion of resistance {unknown}
 x - a potion of ambrosia {unknown}
 E - a potion of haste {unknown}
 H - a potion of attraction {unknown}


   Skills:
 + Level 5.2 Fighting
 + Level 4.2 Short Blades
 + Level 2.7 Armour
 + Level 6.3 Dodging
 - Level 1.5 Stealth
 + Level 6.9 Spellcasting
 + Level 2.8 Invocations


You couldn't memorise any spells.
You knew the following spells:

 Your Spells              Type           Power      Damage    Failure   Level
a - Magic Dart            Conj           100%       1d8       1%          1
b - Blink                 Tloc           N/A        N/A       1%          2
c - Call Imp              Summ           49%        N/A       1%          2
d - Slow                  Hex            49%        N/A       1%          2
e - Conjure Flame         Conj/Fire      49%        6-21      1%          3
f - Mephitic Cloud        Conj/Pois/Air  49%        N/A       1%          3
g - Pain                  Necr           100%       1d9       1%          1
h - Poisonous Vapours     Pois/Air       98%        N/A       1%          2
i - Wereblood             Tmut           49%        N/A       1%          2
j - Ice Form              Ice/Tmut       49%        N/A       6%          4
Your spell library was empty.

Dungeon Overview and Level Annotations

Branches:
Dungeon (7/15)             Temple (1/1) D:6           Sewer (visited)
 Bailey (1/1)

Altars:
Cheibriados
Elyvilon
Fedhas
Hepliaklqana
Kikubaaqudgha
Makhleb
Nemelex Xobeh
Qazlal
Trog
Uskayaw
Wu Jian
Yredelemnul
The Shining One


Innate Abilities, Weirdness & Mutations

You are immune to poison.
Your flesh is very heat resistant. (rF++)
You are vulnerable to cold. (rC-)
You float through the air rather than walking.
You learn spells naturally, not from books.
Your magical power is your life essence.
You have superior vitality. (+4 HP)


Message History

The orc warrior is moderately wounded.
The stinking cloud engulfs the orc warrior but does no damage.
The orc warrior is moderately wounded.
You howl as the wereblood boils in your veins!
The orc warrior is engulfed in noxious fumes.
The orc warrior appears confused.
The orc warrior hits you with a +0 hand axe!
You hit the orc warrior.
Lightning courses through the orc warrior!
The orc warrior is severely wounded.
The orc warrior is engulfed in noxious fumes.
The orc warrior appears confused.
Unknown command.
You strike the helpless orc warrior from behind!
You puncture the orc warrior!
The orc warrior is almost dead.
The orc warrior hits you with a +0 hand axe.
The orc warrior is engulfed in noxious fumes.
The orc warrior appears confused.
You hit the orc warrior.
You kill the orc warrior!
Makhleb accepts your kill.
Casting: Mephitic Cloud (safe; 1% risk of failure)
Confirm with . or Enter, or press ? or * to list all spells.
Aiming: Poisonous Vapours (safe; 1% risk of failure)
Press: ? - help, Dir - move target, f - orc warrior
Aim: an orc warrior, wielding a +0 war axe and wearing a +0 plate armour (moderately wounded, poisoned)
You feel a surge of power!
Poisonous vapours surround the orc warrior!
The orc warrior is engulfed in poison gas.
The orc warrior looks even sicker.
The orc warrior hits you with a +0 war axe.
You barely miss the orc warrior.
The orc warrior is heavily wounded.
The orc warrior looks more healthy.
The orc warrior hits you with a +0 war axe!
You hit the orc warrior.
The orc warrior is severely wounded.
The orc warrior hits you with a +0 war axe!!
You die...

#.'†'≈≈.......≈≈'.'.#
#.###≈≈.......≈≈###.#
#^'.'≈≈.......≈≈'.'^#
#####≈≈.).....≈≈#####
##≈.......≈##
####'''#### ##.....##
#∩.....∩# #..@8...#
##.o...## ###)### ...
..°.. ..o....
......... .....o.....
.............


You could see 2 orc warriors.

Vanquished Creatures
  3 orc warriors
  2 black bears
  2 necrophages
  2 ogres
  2 centaurs
  A phantom (D:6)
  3 kobold brigands
  A bullfrog (D:7)
  A wyvern zombie (D:7)
  2 water moccasin zombies
  A water moccasin skeleton (D:7)
  A howler monkey (D:2)
  A bullfrog zombie (D:7)
  An orc priest (D:4)
  6 hounds
  Natasha (twice) (D:3)
  8 iguanas
  5 orc wizards
  Robin (D:4)
  3 gnolls (D:6)
  7 adders
  A river rat (Sewer)
  A shadow imp (D:7)
  An ufetubus (D:4)
  A worm (D:3)
  4 dart slugs
  12 orcs
  4 ball pythons
  3 endoplasms
  2 giant cockroaches
  10 hobgoblins
  9 jackals
  28 kobolds
  4 quokkas
  A bat (D:3)
  16 goblins
  9 rats
161 creatures vanquished.

Vanquished Creatures (collateral kills)
  A sky beast (D:2)
  A centaur zombie (D:3)
  Natasha (D:3)
  A river rat (D:3)
  3 giant cockroaches (D:3)
  A hobgoblin (D:2)
  3 rats
11 creatures vanquished.

Grand Total: 172 creatures vanquished

Notes
Turn   | Place    | Note
-------+----------+-------------------------------------------
     0 | D:1      | Illumine the Djinni Hedge Wizard began the quest for the
                  | Orb.
     0 | D:1      | Reached XP level 1. HP: 15/15 MP: 0/0
   215 | D:1      | Reached XP level 2. HP: 12/21 MP: 0/0
   878 | D:1      | Reached XP level 3. HP: 13/25 MP: 0/0
   878 | D:1      | Learned a level 1 spell: Pain
  1973 | D:2      | Reached XP level 4. HP: 24/31 MP: 0/0
  1973 | D:2      | Upgraded the game from 0.27-a0-1060-gcb85b5e to
                  | 0.27-a0-1065-ge809cff
  2006 | D:2      | Noticed a sky beast
  2319 | D:2      | Killed a sky beast
  2320 | D:2      | Reached XP level 5. HP: 16/35 MP: 0/0
  2320 | D:2      | Learned a level 2 spell: Poisonous Vapours
  2858 | D:3      | Found a glowing drain.
  2874 | D:3      | Reached skill level 5 in Spellcasting
  2897 | Sewer    | Entered a sewer
  3164 | Sewer    | Noticed a kobold brigand
  3170 | Sewer    | Killed a kobold brigand
  3171 | Sewer    | Reached skill level 1 in Fighting
  3171 | Sewer    | Reached XP level 6. HP: 32/42 MP: 0/0
  3277 | Sewer    | Found a white marble altar of Elyvilon.
  3480 | D:3      | Noticed a +0 falchion
  3480 | D:3      | Noticed a +0 dagger
  3481 | D:3      | Noticed a +0 falchion
  3481 | D:3      | Noticed a +0 dagger
  3481 | D:3      | Noticed a +0 short sword
  3482 | D:3      | Noticed a +0 spear
  3482 | D:3      | Noticed a +0 short sword
  3482 | D:3      | Noticed a +0 spear
  3483 | D:3      | Found a hide-covered altar of Uskayaw.
  3601 | D:3      | Noticed Natasha
  3621 | D:3      | Killed Natasha
  3703 | D:3      | Noticed Natasha
  3706 | D:3      | Killed Natasha
  3789 | D:3      | Found a snail-covered altar of Cheibriados.
  3897 | D:3      | Found an ornate altar of the Wu Jian Council.
  4210 | D:3      | Noticed Natasha
  4217 | D:3      | Killed Natasha
  4718 | D:4      | Reached XP level 7. HP: 45/49 MP: 0/0
  4718 | D:4      | Learned a level 2 spell: Wereblood
  4721 | D:4      | Reached skill level 1 in Short Blades
  5180 | D:4      | Noticed Robin
  5505 | D:4      | Killed Robin
  6129 | D:5      | Entered Level 5 of the Dungeon
  6321 | D:5      | Reached XP level 8. HP: 53/56 MP: 0/0
  6832 | D:5      | Reached skill level 5 in Dodging
  6845 | D:5      | Found a bloodstained altar of Trog.
  6958 | D:6      | Found a staircase to the Ecumenical Temple.
  6966 | Temple   | Entered the Ecumenical Temple
  7026 | Temple   | Became a worshipper of Makhleb the Destroyer
  7653 | D:6      | Reached skill level 1 in Armour
  7653 | D:6      | Reached skill level 1 in Invocations
  8001 | D:6      | Reached XP level 9. HP: 36/63 MP: 0/0
  8001 | D:6      | Learned a level 4 spell: Ice Form
  8256 | D:7      | Reached * piety under Makhleb
  8279 | D:7      | Reached skill level 5 in Fighting
  8472 | D:7      | Found a flagged portal.
  8498 | Bailey   | Entered a bailey
  8923 | Bailey   | Reached ** piety under Makhleb
  8953 | Bailey   | Slain by an orc warrior

Illustrated notes

Levels and vault maps discovered:
D:1:      dpeg_arrival_morbid_curiosity, layout_loops_ring, minmay_door_square
D:2:      layout_loops_ring, dk_vineyard_1
D:3:      layout_basic, cheibriados_altar_1, nicolae_uskayaw_en_pointe,
          nicolae_wu_jian_wuxing_cycle, portal_sewer_entry_b,
          chequers_serial_rivers_small_3, uniq_natasha
D:4:      layout_basic, amcnicky_mini_pool_small, uniq_robin
D:5:      layout_rooms, trog_book, kennysheep_donut
D:6:      layout_basic, minmay_temple_entry_ruins
D:7:      layout_rooms, enter_bailey_2, kennysheep_potato
Temple:   compressed_dpeg_triangle_lava_temple
Bailey:   bailey_axe_3, bailey

Skill      XL: |  1  2  3  4  5  6  7  8  9 |
---------------+----------------------------+-----
Spellcasting   | 3 4 5 6 |  6.9
Fighting       | 1 2 3 4 5 |  5.2
Dodging        | 3 4 5 6 |  6.3
Short Blades   | 2 3 4 |  4.2
Armour         | 1 2 |  2.7
Invocations    | 1 2 |  2.8
Stealth        | |  1.5

Action                   |  1- 3 |  4- 6 |  7- 9 || total
-------------------------+-------+-------+-------++-------
Melee: Dagger            |       |    21 |       ||    21
       Short sword       |       |    22 |   198 ||   220
 Cast: Magic Dart        |    74 |    40 |    19 ||   133
       Mephitic Cloud    |       |     4 |     5 ||     9
       Call Imp          |       |    12 |       ||    12
       Poisonous Vapours |       |    10 |    90 ||   100
       Wereblood         |       |       |    10 ||    10
       Conjure Flame     |       |       |     1 ||     1
  Use: Scroll            |       |       |    11 ||    11
 Stab: Sleeping          |       |       |     1 ||     1
       Confused          |       |       |     3 ||     3
Armor: Robe              |       |     9 |    34 ||    43
Dodge: Dodged            |     8 |    37 |   110 ||   155
Block: Other             |       |     8 |    34 ||    42
       Reflection        |       |       |     2 ||     2

Table legend: (Time is in decaauts)
 A = Elapsed time spent in this place.
 B = Non-inter-level travel time spent in this place.
 C = Inter-level travel time spent in this place.
 D = Time resting spent in this place.
 E = Time spent auto-exploring this place.
 F = Levels seen in this place.
 G = Mean time per level.
                   A        B        C        D        E       F      G
               +--------+--------+--------+--------+--------+-----+--------+
         Total |   8951 |   8669 |    282 |   2773 |   4603 |  10 |  895.1 |
       Dungeon |   8009 |   7736 |    273 |   2268 |   4395 |   7 | 1144.1 |
        Temple |     70 |     61 |      9 |      0 |      0 |   1 |   70.0 |
         Sewer |    417 |    417 |      0 |    251 |    101 |   1 |  417.0 |
        Bailey |    453 |    453 |      0 |    254 |    107 |   1 |  453.0 |
               +--------+--------+--------+--------+--------+-----+--------+

Top non-repeatable levels by time:
     D:4: 1807 daAuts
     D:1: 1667 daAuts
     D:3: 1231 daAuts
     D:6: 1191 daAuts
     D:2: 1159 daAuts
     D:5: 672 daAuts
  Bailey: 453 daAuts
   Sewer: 417 daAuts
     D:7: 281 daAuts
  Temple: 70 daAuts
